 Dungeon Crawl Stone Soup version 0.20.1-1-g8b1a95d (webtiles) character file.

733 geeseburger the Carver (level 7, -1/52 HPs)
             Began as a Barachi Fighter on Oct 9, 2017.
             Succumbed to Duvessa's poison
             ... on level 3 of the Dungeon.
             The game lasted 00:17:10 (4839 turns).

geeseburger the Carver (Barachi Fighter)            Turns: 4839, Time: 00:17:11

Health: -1/52      AC:  9    Str: 20    XL:     7   Next: 74%
Magic:  7/7        EV:  7    Int:  8    God:
Gold:   189        SH:  9    Dex: 11    Spells: 6/6 levels left

rFire    + . .     SeeInvis .   n - +0 long sword
rCold    . . .     Gourm    .   c - +0 shield
rNeg     . . .     Faith    .   b - +0 scale mail
rPois    .         Spirit   .   e - +1 helmet
rElec    .         Reflect  .   (no cloak)
rCorr    .         Harm     .   (no gloves)
MR       .....                  (no boots)
Stlth    ..........             (no amulet)
Regen    0.2/turn               f - ring of protection from fire
MPRegen  0.1/turn               (no ring)

@: lethally poisoned (-1 -> -61), flying, slow
A: +LOS, swims, slowness 1, strong legs 1
a: Hop


You were on level 3 of the Dungeon.
You were not hungry.

You visited 1 branch of the dungeon, and saw 4 of its levels.

You collected 189 gold pieces.

Inventory:

Hand Weapons
 n - a +0 long sword (weapon)
 o - a +3 rapier of venom
Armour
 b - a +0 scale mail (worn)
 c - a +0 shield (worn)
 e - a +1 helmet (worn)
Jewellery
 f - a ring of protection from fire (left hand)
Wands
 i - a wand of acid (7/15)
Scrolls
 g - 2 scrolls of remove curse
 j - 3 scrolls of teleportation
 q - a scroll of fog {unknown}
 r - a scroll of amnesia
Potions
 a - a potion of curing {unknown}
 d - a potion of might
 h - a potion of resistance
 m - a potion of brilliance {unknown}
Comestibles
 l - 3 bread rations


   Skills:
 - Level 3.6 Fighting
 * Level 10.1 Long Blades
 - Level 3.6 Armour
 - Level 3.2 Shields


You had 6 spell levels left.
You didn't know any spells.

Dungeon Overview and Level Annotations

Branches:
Dungeon (4/15)
 Temple: D:4-7

Altars:
Uskayaw

Annotations:
D:3 Dowan, Duvessa


Innate Abilities, Weirdness & Mutations

Shadows flee at your approach. (+LOS)
You can swim through water.
You cover ground slowly.
You can hop short distances.


Message History

You are more poisoned.
You hit Duvessa but do no damage.
Duvessa is almost dead.
* * * LOW HITPOINT WARNING * * *
You feel very sick. Duvessa closely misses you.
Dowan points at you and mumbles some strange words.
The puff of frost hits you!
* * * LOW HITPOINT WARNING * * *
It was a potion of magic.
Magic courses through your body.
* * * LOW HITPOINT WARNING * * *
You feel very sick. Duvessa hits you but does no damage.
You are more poisoned.
Dowan hits you but does no damage. Duvessa hits you but does no damage.
You are more poisoned.
It was a potion of flight.
You feel very buoyant.
You fly up into the air.
You die...

####.................#
########'#.######.#
#######........# #.#
#..............# #.#
#..............# #.#
#..............# #.#
#..............# #.#
#..............######.#
#######......e@)..#...#
#......e###(#.###
##.......##.#...#
#.......##.###.#
#.......##.# #.#
#.......##.# #.#
#.......##.# #.#
#.......'..# #.#
#.......######.#


You could see Duvessa and Dowan.

Vanquished Creatures
  The ghost of ThereIsNoGod the Cudgeler, an amateur TrFi (D:4)
  Eustachio (D:3)
  A scorpion (D:3)
  2 orc priests
  5 orc wizards (D:3)
  2 worker ants
  Robin (D:1)
  An adder (D:4)
  An ooze (D:3)
  2 worms
  4 dart slugs
  3 leopard geckos (D:1)
  10 orcs
  8 giant cockroaches
  16 goblins
  11 hobgoblins
  8 jackals
  2 ball pythons
  8 bats
  5 frilled lizards
  5 kobolds
  9 rats
106 creatures vanquished.

Notes
Turn   | Place    | Note
-------+----------+-------------------------------------------
     0 | D:1      | geeseburger the Barachi Fighter began the quest for the Orb.
     0 | D:1      | Reached XP level 1. HP: 18/18 MP: 1/1
    90 | D:1      | Reached skill level 3 in Long Blades
   207 | D:1      | Reached XP level 2. HP: 24/24 MP: 2/2
   317 | D:1      | Reached skill level 4 in Long Blades
   317 | D:1      | Reached XP level 3. HP: 25/29 MP: 3/3
  1035 | D:2      | Noticed Robin
  1064 | D:1      | Reached skill level 5 in Long Blades
  1074 | D:1      | Reached XP level 4. HP: 31/36 MP: 4/4
  1267 | D:1      | Killed Robin
  1428 | D:2      | Found a hide-covered altar of Uskayaw.
  2026 | D:3      | Reached skill level 6 in Long Blades
  2026 | D:3      | Reached XP level 5. HP: 41/41 MP: 5/5
  2217 | D:4      | Noticed ThereIsNoGod's ghost (amateur TrFi)
  2729 | D:4      | Noticed Eustachio
  2732 | D:3      | Reached skill level 7 in Long Blades
  2832 | D:3      | Reached XP level 6. HP: 32/47 MP: 6/6
  2997 | D:3      | Killed Eustachio
  2997 | D:3      | Reached skill level 8 in Long Blades
  3814 | D:3      | Reached XP level 7. HP: 39/52 MP: 7/7
  3902 | D:4      | Killed ThereIsNoGod's ghost
  3902 | D:4      | Reached skill level 9 in Long Blades
  4459 | D:4      | Noticed Duvessa
  4461 | D:4      | Noticed Dowan
  4472 | D:3      | Reached skill level 10 in Long Blades
  4839 | D:3      | Succumbed to Duvessa's poison

Skill      XL: |  1  2  3  4  5  6  7 |
---------------+----------------------+-----
Long Blades    | 3 4 5 6 7 8 10 | 10.1
Fighting       | |  3.6
Armour         | |  3.6
Shields        | |  3.2

Action                   |  1- 3 |  4- 6 |  7- 9 || total
-------------------------+-------+-------+-------++-------
Melee: Long sword        |   161 |   182 |    85 ||   428
 Abil: Hop               |     1 |       |       ||     1
  Use: Scroll            |     4 |     3 |     1 ||     8
       Potion            |     1 |     2 |     4 ||     7
  Eat: Bread ration      |     1 |       |       ||     1
       Meat ration       |       |     2 |       ||     2
Armor: Scale mail        |    73 |   112 |    32 ||   217
Dodge: Dodged            |    44 |    86 |    23 ||   153
Block: Shield            |   101 |   135 |    40 ||   276
       Rpst.: Long sword |    16 |    31 |     8 ||    55
